 Dungeon Crawl Stone Soup version 0.31-a0-430-gf8416d752b (webtiles) character file.

Game seed: 14507003935966092869

18 Anathary the Changeling (level 2, 0/8 HPs)
             Began as a Demonspawn Shapeshifter on July 30, 2023.
             Slain by a quokka (5 damage)
             ... on level 1 of the Dungeon.
             The game lasted 00:02:30 (330 turns).

Anathary the Changeling (Demonspawn Shapeshifter)    Turns: 330, Time: 00:02:30

Health: 0/8        AC:  0    Str: 21    XL:     2   Next: 48%
Magic:  2/2        EV: 12    Int:  9    God:
Gold:   80         SH:  0    Dex: 13    Spells: 1/1 levels left

rFire   . .          .
                       - Unarmed
rCold   . . .        (shield currently unavailable)
rNeg    . . .        a - +0 animal skin
rPois   .            (no helmet)
rElec   .            (no cloak)
rCorr   .            (gloves currently unavailable)
SInv    .            (no boots)
Will    .....        (no amulet)
Stlth   +            d - +6 ring of strength
HPRegen 0.21/turn    (no ring)
MPRegen 0.08/turn

%: no passive effects
@: blade hands
A: reduced hp, powered by death 1
a: Begin Untransformation


You were on level 1 of the Dungeon.
You had blades for hands.
You visited 1 branch of the dungeon, and saw 1 of its levels.

You collected 80 gold pieces.

Inventory:

Armour
 a - a +0 animal skin (worn)
Jewellery
 d - a +6 ring of strength (left blade hand)
Talismans
 c - a beast talisman
 f - a blade talisman (active)
Potions
 b - 2 potions of lignification
 e - a potion of magic {unknown}


   Skills:
 + Level 1.2 Fighting
 + Level 1.8 Dodging
 + Level 0.2 Stealth
 + Level 2.8 Unarmed Combat
 + Level 3.1 Shapeshifting


You had one spell level left.
You didn't know any spells.
Your spell library contained the following spells:

 Spells                   Type           Power      Damage    Failure   Level
 Freeze                   Ice            0%         1d3       80%         1
 Frozen Ramparts          Ice            0%         1d1       97%         3
 Hailstorm                Conj/Ice       0%         3d3       97%         3


Dungeon Overview and Level Annotations

Branches:
Dungeon (1/15)

Altars:


Innate Abilities, Weirdness & Mutations

You have blades for hands.
Your maximum health is decreased, since you lack skill for your form.
Your spellcasting is less reliable in this form.
You are incapable of wielding weapons or throwing items.
You regenerate a little health from kills.


Message History

You now have 62 gold pieces (gained 16).
Things that are here:
a +0 club; a +0 club; a goblin corpse A kobold comes into view.
It is wielding a +0 club.
The helpless kobold fails to defend itself.
You hit the kobold.
The kobold is moderately wounded.
The kobold barely misses you.
You barely miss the kobold.
The kobold is moderately wounded.
The kobold barely misses you.
You hit the kobold.
You kill the kobold!
A kobold comes into view. It is wielding a +0 whip.
Found 8 gold pieces.
Things that are here:
a +0 club; 2 stones The kobold shouts!
You hit the kobold.
You kill the kobold!
You now have 70 gold pieces (gained 8).
You see here a +0 whip.
Found a blade talisman.
Found 10 gold pieces.
Found a stone staircase leading down.
You see here a blade talisman.
You now have 80 gold pieces (gained 10).
You see here a blade talisman.
f - a blade talisman Unknown command.
Okay, then.
You begin transforming.
You continue transforming. x3
Your transformation has ended.
Your hands turn into razor-sharp scythe blades.
HP restored.
A quokka comes into view.
The quokka bites you.
You barely miss the quokka. The quokka bites you.
Ouch! That really hurt!
You die...

## ###..# .# #.#####
.# #. #.# .#
#####.###.#######.#
..>...........##..
.####.....###.##.#
.####......##.##.###
.#.................#
.#.##.....###.##@#.#
.....#........##r#
##........######..
..†....#.....# ##..
.#..####.....# ..#
.............# .##
.##.####.....# .#
.##.####.....# .#
.##........###


You could see a quokka.

Vanquished Creatures
  2 endoplasms (D:1)
  A goblin (D:1)
  3 hobgoblins (D:1)
  5 kobolds (D:1)
  2 bats (D:1)
  3 frilled lizards (D:1)
  A rat (D:1)
17 creatures vanquished.

Notes
Turn   | Place    | Note
-------+----------+-------------------------------------------
     0 | D:1      | Anathary the Demonspawn Shapeshifter began the quest for
                  | the Orb.
     0 | D:1      | Reached XP level 1. HP: 15/15 MP: 1/1
   130 | D:1      | Reached skill level 3 in Shapeshifting
   165 | D:1      | Gained mutation: You regenerate a little health from kills.
                  | [demonic ancestry]
   165 | D:1      | Reached XP level 2. HP: 21/21 MP: 2/2
   330 | D:1      | Slain by a quokka

Illustrated notes

Levels and vault maps discovered:
D:1:      dpeg_arrival_short_road, layout_loops_cross,
          chequers_serial_rivers_small_b

Skill      XL: |  1 |
---------------+----+-----
Shapeshifting  | 3 |  3.1
Fighting       | |  1.2
Dodging        | |  1.8
Stealth        | |  0.2
Unarmed Combat | |  2.8

Action                     || total
---------------------------++-------
  Melee: Unarmed           ||    44
   Stab: Sleeping          ||     1
 Armour: Animal skin       ||     6
  Dodge: Dodged            ||    27
   Form: Blade             ||     1

Table legend: (Time is in decaauts)
 A = Elapsed time spent in this place.
 B = Non-inter-level travel time spent in this place.
 C = Inter-level travel time spent in this place.
 D = Time resting spent in this place.
 E = Time spent auto-exploring this place.
 F = Levels seen in this place.
 G = Mean time per level.
                   A        B        C        D        E       F      G
               +--------+--------+--------+--------+--------+-----+--------+
         Total |    327 |    327 |      0 |     29 |     89 |   1 |  327.0 |
       Dungeon |    327 |    327 |      0 |     29 |     89 |   1 |  327.0 |
               +--------+--------+--------+--------+--------+-----+--------+

Top non-repeatable levels by time:
     D:1: 327 daAuts
